 Dungeon Crawl Stone Soup version 0.31.0-12-g77e489cdc1 (webtiles) character file.

Game seed: 2693640260047657749

9198 GeoRichter the Basher (level 11, -2/95 HPs)
             Began as a Red Draconian Shapeshifter on Feb 20, 2024.
             Was a Priest of Kikubaaqudgha.
             Succumbed to a cane toad's poison
             ... on level 1 of the Lair of Beasts.
             The game lasted 00:30:01 (11031 turns).

GeoRichter the Basher (Red Draconian Shapeshifter) Turns: 11031, Time: 00:30:02

Health: -2/95      AC:  9    Str: 17    XL:     11   Next: 19%
Magic:  8/18       EV: 12    Int: 14    God:    Kikubaaqudgha [***...]
Gold:   457        SH:  5    Dex: 11    Spells: 3/20 levels left

rFire   + . .        c - +5 demon trident
rCold   + . .        (no shield)
rNeg    . . .        (body armour unavailable)
rPois   .            (helmet restricted)
rElec   .            (no cloak)
rCorr   .            y - +1 pair of gloves
SInv    .            (no boots)
Will    .....        p - amulet of reflection
Stlth   +            z - ring of protection from cold
HPRegen 0.35/turn    (no ring)
MPRegen 0.16/turn

%: reflection
@: lethally poisoned (-2 -> -41), slowed, very slow
A: breathe fire, AC +7, unfitting armour, fire resistance 1, cold-blooded
a: Breathe Fire, Renounce Religion, Unearth Wretches


You were on level 1 of the Lair of Beasts.
You worshipped Kikubaaqudgha.
Kikubaaqudgha was most pleased with you.
You visited 3 branches of the dungeon, and saw 12 of its levels.
You also visited: Bailey.

You collected 457 gold pieces.

Inventory:

Hand Weapons
 c - a +5 demon trident (weapon)
   (You took it off Urug on level 1 of the Lair of Beasts)
Armour
 y - a +1 pair of gloves (worn)
   (You found it on level 6 of the Dungeon)
Jewellery
 d - a +6 ring of intelligence
   (You found it on level 1 of the Lair of Beasts)
 m - an amulet of guardian spirit
   (You found it on level 4 of the Dungeon)
 p - an amulet of reflection (around neck)
   (You found it on level 2 of the Dungeon)
 v - an amulet of the acrobat
   (You found it on level 6 of the Dungeon)
 z - a ring of protection from cold (left hand)
   (You found it on level 7 of the Dungeon)
Wands
 b - a wand of quicksilver (2)
   (You found it on level 8 of the Dungeon)
 q - a wand of charming (3)
   (You found it on level 3 of the Dungeon)
 u - a wand of polymorph (2)
   (You found it on level 9 of the Dungeon)
Scrolls
 h - a scroll of vulnerability {!r}
 j - 2 scrolls of blinking
 l - a scroll of immolation {!r}
 s - a scroll of teleportation {@r4}
 w - a scroll of revelation
 x - 2 scrolls of noise {!r}
 E - 6 scrolls of enchant armour
Potions
 a - 2 potions of lignification {!q}
 f - 4 potions of haste {@q3}
 g - 3 potions of heal wounds {@q2}
 i - 2 potions of brilliance {unknown}
 k - a potion of curing {@q1}
 o - 2 potions of enlightenment {unknown}
 r - a potion of invisibility {unknown}
 t - a potion of berserk rage {unknown}
 A - a potion of mutation {unknown}
 B - a potion of cancellation {unknown}
 C - 4 potions of might
 D - 3 potions of resistance
 H - a potion of degeneration {unknown}


   Skills:
 + Level 8.4 Fighting
 - Level 10.2 Maces & Flails
 * Level 3.4 Polearms
 - Level 1.7 Dodging
 - Level 3.2 Unarmed Combat
 - Level 5.0 Spellcasting
 - Level 9.7 Necromancy
 - Level 3.7 Shapeshifting


You had 3 spell levels left.
You knew the following spells:

 Your Spells              Type           Power      Damage    Failure   Level
a - Necrotise             Necr           100%       1d9       1%          1
b - Vampiric Draining     Necr           30%        2d8       1%          3
c - Fugue of the Fallen   Necr           30%        N/A       1%          3
d - Death Channel         Necr           15%        N/A       45%         6
e - Martyr's Knell        Necr/Summ      17%        N/A       24%         4

Your spell library contained the following spells:

 Spells                   Type           Power      Damage    Failure   Level
 Sublimation of Blood     Necr           30%        N/A       1%          2
 Kiss of Death            Conj/Necr      68%        2d10      2%          1
 Apportation              Tloc           6%         N/A       17%         1
 Foxfire                  Conj/Fire      12%        2x1d4     17%         1
 Sting                    Conj/Alch      12%        1d3       17%         1
 Summon Small Mammal      Summ           12%        N/A       17%         1
 Jinxbite                 Hex            6%         N/A       26%         2
 Anguish                  Hex/Necr       8%         N/A       24%         4
 Borgnjor's Vile Clutch   Necr/Erth      8%         N/A       54%         5
 Alistair's Intoxication  Alch           2%         N/A       99%         5
 Plasma Beam              Fire/Air       1%         2x1d11    100%        6
 Starburst                Conj/Fire      1%         6d3       100%        6


Dungeon Overview and Level Annotations

Branches:
Dungeon (10/15) Zot: 26711  Temple (1/1) D:5 Zot: 5998    Lair (1/5) D:8 Zot: 5707
 Bailey (visited)
    Orc: D:9-12

Altars:
Ashenzari
Cheibriados
Elyvilon
Fedhas
Gozag
Hepliaklqana
Kikubaaqudgha
Makhleb
Nemelex Xobeh
Okawaru
Qazlal
Ru
Sif Muna
Trog
Uskayaw
Wu Jian
Xom
The Shining One

Shops:
D:1 :   D:5 [

Annotations:
D:4 2 transporters, Henri's ghost, amateur DsCK
D:6 1 runed translucent door, Crazy Yiuf
Lair:1 Gastronok


Innate Abilities, Weirdness & Mutations

You can breathe blasts of fire.
Your fiery red scales are hard. (AC +7)
You cannot fit into any form of body armour.
Your flesh is heat resistant. (rF+)
You are cold-blooded and may be slowed by cold attacks.


Message History

You punch Gastronok, but do no damage.
Gastronok is severely wounded.
The cane toad stings the fungus!
The fungus begins to die.
The cane toad stings the fungus!!
The fungus is poisoned.
The cane toad poisons the fungus!
Gastronok bites you.
* * * LOW HITPOINT WARNING * * *
The cane toad stings the fungus!!
The cane toad stings the fungus!
Your wyvern bites Gastronok but does no damage.
Gastronok bites your wyvern but does no damage.
Reach: c) +5 demon trident
Press: ? - help, Dir - move target, f/p - Gastronok
Aim: Gastronok, wearing a +2 hat of intelligence (severely wounded, covering ground quickly, not watching you, ally target, about 6% to evade your +5 demon trident)
You could not reach far enough!
Your wyvern bites Gastronok but does no damage.
The cane toad stings the fungus!!
Your wyvern bites Gastronok but does no damage.
The cane toad stings the fungus!
The fungus looks as sick as possible!
The cane toad poisons the fungus!
Gastronok bites your wyvern!!!
Your wyvern dies!
Your wyvern's corpse dissolves into shadows!
Gastronok gurgles horribly!
Reach: c) +5 demon trident
Press: ? - help, Dir - move target, f/p - Gastronok
Aim: Gastronok, wearing a +2 hat of intelligence (severely wounded, covering ground quickly, about 6% to evade your +5 demon trident)
You reach to attack!
You puncture Gastronok!
Gastronok is severely wounded.
A nearby fungus withers and dies.
Reach: c) +5 demon trident
Press: ? - help, Dir - move target, f/p - Gastronok
Aim: Gastronok, wearing a +2 hat of intelligence (severely wounded, covering ground quickly, about 6% to evade your +5 demon trident)
The cane toad is in the way.
You hit the cane toad.
The cane toad is moderately wounded.
The cane toad stings you.
* * * LOW HITPOINT WARNING * * *
You are poisoned.
The cane toad poisons you! The cane toad stings you!
* * * LOW HITPOINT WARNING * * *
You are lethally poisoned!
The cane toad poisons you!
Gastronok waves his eye-stalks in wide circles.
The air twists around and strikes you!!
* * * LOW HITPOINT WARNING * * *
Blink to where?
Press: ? - help, Dir - move target, p - Gastronok A golden eye and 3 oklob plants come into view.
Found a glowing coral ring.
As you read the scroll of blinking, it crumbles to dust.
You die...
Kikubaaqudgha rasps: "You have failed me!
Welcome... death!"

#......PP
#......PG
#....PPP.
#.....PP.
......PP.
##.....P=P
#......PPP
##.@......P....
#..#...........
##.#...........
#..#..........
P.............
## #..........
#..........
#.ยง#####
##.Fw..##


You could see 3 oklob plants and a golden eye (wandering).

Vanquished Creatures
  A two-headed ogre (D:9)
  An orc knight (Bailey)
  2 cane toads (Lair:1)
  Jeremiah (Lair:1)
  A komodo dragon (Lair:1)
  2 trolls
  Prince Ribbit (D:6)
  4 wyverns
  8 yaks
  Eustachio (D:4)
  2 steam dragons (D:8)
  Menkaure (D:6)
  An acid dragon (D:9)
  3 water moccasins
  A black bear (D:6)
  3 orc warriors (Bailey)
  An ice beast (D:6)
  3 sky beasts
  3 wolves
  A phantom (D:5)
  A centaur (D:7)
  2 kobold brigands
  2 scorpions (D:6)
  4 wights (D:9)
  6 killer bees (D:9)
  2 electric eels (D:8)
  4 howler monkeys (D:7)
  5 hounds (D:8)
  A jelly (D:5)
  2 sleepcaps
  6 iguanas
  A gnoll bouda (D:9)
  4 orc wizards
  3 gnolls (D:9)
  11 adders
  A ribbon worm (D:2)
  5 dart slugs
  27 orcs
  7 ball pythons
  5 bats
  4 endoplasms
  A giant cockroach (D:4)
  5 goblins
  6 hobgoblins
  3 jackals (D:1)
  4 quokkas
  2 frilled lizards (D:1)
  20 kobolds
  2 rats
187 creatures vanquished.

Vanquished Creatures (collateral kills)
  Urug (Lair:1)
  2 orc warriors (Bailey)
  A bullfrog (Lair:1)
  A howler monkey (D:7)
  6 orcs (Bailey)
11 creatures vanquished.

Vanquished Creatures (others)
  4 orc warriors (Bailey)
  A sky beast (D:8)
  An orc priest (D:8)
  3 orcs
9 creatures vanquished.

Grand Total: 207 creatures vanquished

Notes
Turn   | Place    | Note
-------+----------+-------------------------------------------
     0 | D:1      | GeoRichter the Draconian Shapeshifter began the quest for
                  | the Orb.
     0 | D:1      | Reached XP level 1. HP: 16/16 MP: 1/1
    24 | D:1      | Found Ninkat's Book Shop.
   239 | D:1      | Reached XP level 2. HP: 22/23 MP: 2/2
   895 | D:2      | Reached XP level 3. HP: 16/29 MP: 3/3
  1143 | D:2      | Reached skill level 1 in Necromancy
  1418 | D:2      | Reached XP level 4. HP: 36/36 MP: 3/5
  1514 | D:2      | Reached skill level 1 in Spellcasting
  2073 | D:3      | Reached XP level 5. HP: 41/41 MP: 7/7
  2077 | D:3      | Found a faded altar of an unknown god.
  2424 | D:4      | Found a transporter.
  2424 | D:4      | Noticed Henri's ghost (amateur DsCK)
  2585 | D:4      | Found an ancient bone altar of Kikubaaqudgha.
  2587 | D:4      | Noticed Eustachio
  3054 | D:4      | Found a transporter.
  3085 | D:4      | Became a worshipper of Kikubaaqudgha
  3259 | D:4      | Found a shimmering altar of Xom.
  3266 | D:4      | Found a snail-covered altar of Cheibriados.
  3331 | D:5      | Entered Level 5 of the Dungeon
  3389 | D:5      | Found a staircase to the Ecumenical Temple.
  3479 | D:5      | Reached XP level 6. HP: 33/48 MP: 9/9
  3841 | D:5      | Found Ikadweuja's Armour Boutique.
  4064 | D:5      | Found a white marble altar of Elyvilon.
  4127 | Temple   | Entered the Ecumenical Temple
  4356 | D:6      | Noticed Menkaure
  4361 | D:6      | Killed Menkaure
  4362 | D:6      | Reached skill level 5 in Necromancy
  4362 | D:6      | Your scales start taking on a fiery red colour.
  4362 | D:6      | Reached XP level 7. HP: 42/56 MP: 11/11
  4362 | D:6      | Gained mutation: Your flesh is heat resistant. (rF+) [Red
                  | Draconian growth]
  4418 | D:6      | Noticed Prince Ribbit
  4445 | D:6      | Killed Prince Ribbit
  4844 | D:6      | Reached XP level 8. HP: 66/66 MP: 14/14
  4894 | D:6      | Found a runed translucent door.
  4895 | D:6      | Noticed Crazy Yiuf
  5858 | D:7      | Learned a level 1 spell: Necrotise
  5872 | D:7      | Found a flagged portal.
  5884 | D:7      | Reached skill level 5 in Fighting
  5900 | Bailey   | Entered a bailey
  5973 | Bailey   | Reached * piety under Kikubaaqudgha
  5973 | Bailey   | Received a gift from Kikubaaqudgha
  6062 | Bailey   | Noticed an orc knight
  6077 | Bailey   | Reached skill level 5 in Spellcasting
  6087 | Bailey   | Killed an orc knight
  6088 | Bailey   | Reached XP level 9. HP: 55/75 MP: 7/16
  6771 | D:4      | Killed Eustachio
  6772 | D:4      | Reached skill level 1 in Maces & Flails
  6895 | D:7      | Reached skill level 2 in Maces & Flails
  6914 | D:7      | Learned a level 3 spell: Vampiric Draining
  6918 | D:7      | Learned a level 3 spell: Fugue of the Fallen
  7373 | D:8      | Reached skill level 3 in Maces & Flails
  7745 | D:8      | Reached skill level 4 in Maces & Flails
  8139 | D:8      | Noticed a troll
  8150 | D:8      | Killed a troll
  8198 | D:8      | Reached skill level 5 in Maces & Flails
  8198 | D:8      | Reached XP level 10. HP: 11/88 MP: 9/17
  8553 | D:8      | Reached ** piety under Kikubaaqudgha
  8554 | D:8      | Reached skill level 6 in Maces & Flails
  8803 | D:8      | Reached skill level 7 in Maces & Flails
  8812 | D:8      | Found a staircase to the Lair.
  9321 | D:9      | Noticed a two-headed ogre
  9339 | D:9      | Killed a two-headed ogre
  9340 | D:9      | Reached skill level 8 in Maces & Flails
  9802 | D:9      | Reached skill level 9 in Maces & Flails
 10465 | D:10     | Entered Level 10 of the Dungeon
 10589 | D:10     | Noticed a two-headed ogre
 10665 | Lair:1   | Entered Level 1 of the Lair of Beasts
 10665 | Lair:1   | Noticed Jeremiah
 10669 | Lair:1   | Killed Jeremiah
 10670 | Lair:1   | Reached skill level 10 in Maces & Flails
 10683 | Lair:1   | Noticed Urug
 10781 | Lair:1   | Reached *** piety under Kikubaaqudgha
 10781 | Lair:1   | Received a gift from Kikubaaqudgha
 10788 | Lair:1   | Killed Urug
 10789 | Lair:1   | Reached skill level 1 in Polearms
 10789 | Lair:1   | Reached XP level 11. HP: 94/94 MP: 15/18
 10846 | Lair:1   | Learned a level 6 spell: Death Channel
 10851 | Lair:1   | Learned a level 4 spell: Martyr's Knell
 10998 | Lair:1   | Noticed Gastronok
 11031 | Lair:1   | Noticed an oklob plant
 11031 | Lair:1   | Noticed an oklob plant
 11031 | Lair:1   | Noticed an oklob plant
 11031 | Lair:1   | Succumbed to a cane toad's poison

Illustrated notes

Levels and vault maps discovered:
D:1:      dpeg_arrival_erosion, layout_loops_ring, serial_shops, shop
D:2:      layout_basic
D:3:      layout_basic, ebering_ecumenical_altar_abandoned
D:4:      layout_loops_ring, jmf_multi_god_temple2,
          nicolae_kikubaaqudgha_miasma_corner, gammafunk_ghost_arena,
          minmay_misc_feat_plants, kennysheep_cross_room, uniq_eustachio
D:5:      layout_loops_ring, mainiacjoe_overflow_alcove_2,
          minmay_temple_entry_grid, serial_shops, shop, st_stairs_12,
          grunt_ministairs_14
D:6:      layout_loops_ring, uniq_menkaure, uniq_prince_ribbit1,
          uniq_crazy_yiuf_cottage
D:7:      layout_basic, enter_bailey_2, minmay_misc_feat_five, minivault_11,
          interstate_on_off
D:8:      layout_basic, erik_lair_island
D:9:      layout_roguey
D:10:     layout_roguey, mainiacjoe_overflow_alcove_3, evilmike_minifort
Temple:   eino_narrow_crystal_temple
Lair:1:   layout_roguey, minmay_holes, disabler_island, uniq_jeremiah,
          uniq_gastronok, uniq_urug

Skill      XL: |  1  2  3  4  5  6  7  8  9 10 11 |
---------------+----------------------------------+-----
Fighting       | 2 4 5 7 8 |  8.4
Necromancy     | 1 2 4 5 6 8 9 |  9.7
Spellcasting   | 1 2 3 4 5 |  5.0
Maces & Flails | 5 10 | 10.2
Polearms       | 1 3 |  3.4
Dodging        | |  1.7
Unarmed Combat | |  3.2
Shapeshifting  | |  3.7

Action                     |  1- 3 |  4- 6 |  7- 9 | 10-12 || total
---------------------------+-------+-------+-------+-------++-------
  Melee: Unarmed           |    16 |       |       |       ||    16
         Short sword       |   106 |   191 |   102 |    19 ||   418
         Punch             |     5 |     7 |     5 |     3 ||    20
         Tailslap          |     9 |    24 |    22 |    25 ||    80
         Morningstar       |       |       |    72 |   118 ||   190
         Demon trident     |       |       |       |    32 ||    32
   Cast: Necrotise         |       |       |   104 |     8 ||   112
         Vampiric Draining |       |       |     3 |    33 ||    36
         Fugue of the Fall |       |       |     3 |     6 ||     9
Ability: Breathe Fire      |       |       |    10 |     9 ||    19
         Begin Untransform |       |       |     1 |       ||     1
  Evoke: Wand              |       |     4 |    34 |     5 ||    43
    Use: Scroll            |       |     6 |     1 |    15 ||    22
         Potion            |       |     1 |     6 |     2 ||     9
   Stab: Sleeping          |       |     2 |       |     1 ||     3
 Armour: Skin              |    63 |    90 |   217 |   136 ||   506
  Dodge: Dodged            |    82 |   106 |   177 |   107 ||   472
  Block: Other             |       |     9 |    55 |    43 ||   107
